[Event "Serbian League 2024"]
[Site "Bajina Basta"]
[Date "2024.10.02"]
[Round "6.5"]
[White "Juhasz, Bence R"]
[Black "Radovanovic, Mihajlo"]
[Result "1/2-1/2"]
[ECO "B00"]
[WhiteElo "2266"]
[BlackElo "2426"]
[Annotator "TA"]
[PlyCount "111"]
[EventDate "2024.09.26"]
[EventType "team-tourn"]
[EventCountry "SRB"]
[SourceTitle "playchess.com"]
[Source "ChessBase"]
[SourceQuality "1"]
[TimeControl "40/5400+30:1800+30"]

1. e4 Nc6 2. d4 d5 3. e5 Bf5 4. c3 e6 5. f4 h5 6. Nf3 {[%emt 0:00:00] B00: Queen's Fianchetto Defence, Nimzowitsch Defence.} Nh6 7. Be3 Qd7 8. Nbd2 f6 $146 ({Predecessor:} 8... Be7 9. h3 a6 10. Bf2 f6 11. exf6 gxf6 12. Nh4 O-O-O 13. Be2 Bd6 14. Nb3 Rdg8 {0-1 Malaniuk,V (2585)-Mohr,G (2495) Ubeda op 1st 1996}) 9. b4 a5 10. a3 Na7 11. Qc1 Qa4 12. Be2 Be7 13. h3 Nc8 14. O-O Nb6 15. exf6 (15. Bf2 $16) 15... gxf6 $14 16. Nh4 Kd7 17. Nxf5 Nxf5 18. Bf2 Rag8 (18... axb4 $11 19. cxb4 (19. axb4 Qxa1 20. Qxa1 Rxa1 $11) 19... Qc6) 19. b5 (19. Re1 $16) 19... Nd6 20. Qb1 (20. Rb1 $11 Nf5 21. Nb3) 20... Nbc4 ({Black should play} 20... Rg7 $15 21. g3 h4) 21. Nxc4 $14 dxc4 22. f5 Rg5 (22... exf5 $14 23. Be1 Qb3 (23... Qxb5 24. Qxb5+ Nxb5 25. Bxc4 $14)) 23. fxe6+ $18 Kc8 24. Bh4 Rxb5 $2 (24... Qxb5 25. Bxg5 Qxg5) 25. Qg6 $18 Rb2 26. Bxf6 (26. Bxh5 Qe8 27. Qxe8+ Nxe8 28. Bxe8 Rxh4 $16) 26... Bxf6 27. Qxf6 Rg8 28. Rae1 (28. Bxh5 $2 Rgxg2+ (28... Rbxg2+ 29. Kh1 $17) 29. Kh1 Rh2+ 30. Kg1 Rbg2#) 28... Kb8 29. e7 (29. Bxh5 $2 Rgxg2+ (29... Qxa3 $2 30. Bg4 $18) 30. Kh1 Rh2+ 31. Kg1 Rbg2#) 29... Ka7 30. Qe6 (30. Bxh5 $2 Rgxg2+ (30... Qxa3 $2 31. Bg4 $18) 31. Kh1 Rh2+ 32. Kg1 Rbg2#) 30... Rg3 (30... Qe8 $142 31. h4 (31. Bxc4 $2 Rgxg2+ 32. Kh1 Rh2+ 33. Kg1 Rbg2#) 31... Qg6 32. Qxg6 (32. Bxc4 $2 Qxg2#) 32... Rxg6) 31. Rf3 (31. Bxh5 $2 Rgxg2+ (31... Rxc3 $2 32. Qe5 $18) 32. Kh1 Rh2+ 33. Kg1 Rbg2#) (31. Qe5 $142) 31... h4 $2 (31... Rxf3 32. Bxf3 Qxa3) 32. Qe5 $18 Qxa3 33. Qc5+ (33. e8=R Rxf3 34. Bxf3 Nxe8 35. Qxe8 Qxc3 $16) (33. e8=Q Nxe8 34. Qxe8 Rxf3 35. Bxf3 Qxc3 $18) 33... Qxc5 34. dxc5 Ne8 35. Rf8 $2 ({Less strong is} 35. Bxc4 Rbxg2+ 36. Kh1 Rg1+ 37. Rxg1 Rxf3 $14) (35. Rxg3 {White threatens Rg8 and mate.} hxg3 36. h4 (36. Bxc4 Nf6 $18)) 35... Re3 $18 {[%emt 0:00:05] [#]} 36. Kf1 $2 ({Only move:} 36. Ra1 $1 $18 Rb5 (36... Rxe7 $2 {perishes.} 37. Rxa5+ Kb8 38. Bh5 $18) 37. Bxc4 Rxc5 38. Bf7 (38. Rxe8 Rxc4 39. Rxa5+ Kb6 $14)) 36... Rxe7 $11 37. Bxc4 Rxe1+ 38. Kxe1 Ng7 39. Rf2 Rb1+ 40. Kd2 Nh5 41. Kc2 Re1 42. c6 Re5 43. cxb7 Kxb7 44. Kd3 Rg5 45. Kd4 Kb6 46. Bd5 c6 47. Be4 Ng7 48. Rf6 Rc5 49. Bc2 Rd5+ 50. Kc4 Re5 51. Rh6 Rh5 52. Rg6 Nf5 53. Be4 Ne7 54. Re6 Rc5+ 55. Kb3 Nd5 56. Bxd5 1/2-1/2